 Dungeon Crawl Stone Soup version 0.21.1-1-g345015f (webtiles) character file.

315571 tidbits the Unseen (level 20, -14/224 HPs)
             Began as a Gnoll Transmuter on Mar 10, 2018.
             Was an Elder of Cheibriados.
             Killed from afar by a lich (54 damage)
             ... with a bolt of cold
             ... on level 5 of the Vaults on Mar 11, 2018.
             The game lasted 03:57:57 (10415 turns).

tidbits the Unseen (Gnoll Transmuter)              Turns: 10415, Time: 03:57:58

Health: -14/224    AC: 36    Str: 21    XL:     20   Next: 96%
Magic:  3/38       EV: 29    Int: 36    God:    Cheibriados [****..]
Gold:   384        SH: 31    Dex: 27    Spells: 3/47 levels left

rFire    . . .     SeeInvis +   e - +9 staff of Wucad Mu {channel}
rCold    x . .     Gourm    .   D - +7 large shield "Nenaukka" {rPois rC- SInv}
rNeg     + . .     Faith    .   (armour currently unavailable)
rPois    ∞         Spirit   .   E - +2 hat
rElec    +         Reflect  +   C - +2 cloak
rCorr    .         Harm     .   (gloves currently unavailable)
MR       ++++.                  (boots currently unavailable)
Stlth    +++++++...             R - amulet of Luqic {Reflect Fragile rElec rPois Int+3 SH+4 Stlth+}
HPRegen  0.47/turn              H - ring "Ramanuz" {+Fly MR++ Str-2 Stlth-}
MPRegen  0.26/turn              V - +4 ring of evasion

@: statue-form, very slightly contaminated, studying Stealth, very slow
A: distributed training, fangs 1, magic resistance 1, robust 1, MP-powered
wands, strong nose
}: 3/15 runes: barnacled, slimy, gossamer
a: End Transformation, Bend Time, Temporal Distortion, Slouch, Renounce
Religion, Evoke Flight


You were on level 5 of the Vaults.
You worshipped Cheibriados.
Cheibriados was greatly pleased with you.
You were very full.
You were a stone statue.
You visited 8 branches of the dungeon, and saw 42 of its levels.
You visited 1 bazaar.
You also visited: Labyrinth, Ossuary and Bailey.

You collected 3448 gold pieces.
You spent 3064 gold pieces at shops.

Inventory:

Hand Weapons
 a - a +9 war axe of electrocution
   (You took it off an orc warrior on level 2 of the Orcish Mines)
 b - a +2 dagger of pain
   (You took it off a goblin on level 1 of the Dungeon)
 e - the +9 staff of Wucad Mu (weapon) {channel}
   (You found it on level 5 of the Pits of Slime)
Missiles
 m - 456 arrows
 n - 8 throwing nets {!f}
 t - 12 javelins of returning (quivered)
Armour
 B - a +2 troll leather armour (melded)
 C - a +2 cloak (worn)
 D - the +7 large shield "Nenaukka" (worn) {rPois rC- SInv}
   (You found it in a labyrinth)

   It makes you vulnerable to cold.
   It protects you from poison.
   It lets you see invisible.
 E - a +2 hat (worn)
 F - a +2 pair of boots (melded)
 G - the cursed +0 pair of gloves of Amorality (melded) {rC+ rN+ Regen+ Int-2}
   (You found it on level 5 of the Pits of Slime)

   It affects your intelligence (-2).
   It protects you from cold.
   It protects you from negative energy.
   It increases your rate of regeneration.
   It has a curse placed upon it.
Magical Staves
 w - an uncursed staff of wizardry {!a}
   (You found it on level 5 of the Lair of Beasts)
Jewellery
 k - an uncursed ring of protection from fire
   (You found it on level 7 of the Dungeon)
 v - the ring "Solata" {rElec rPois rF- rN+++ Int+4}
   (You acquired it on level 5 of the Pits of Slime)

   [ring of intelligence]

   It affects your intelligence (+4).
   It makes you vulnerable to fire.
   It insulates you from electricity.
   It protects you from poison.
   It renders you almost immune to negative energy.
 H - the ring "Ramanuz" (left hand) {+Fly MR++ Str-2 Stlth-}
   (You found it on level 1 of the Shoals)

   [ring of loudness]

   It affects your strength (-2).
   It affects your resistance to hostile enchantments.
   It lets you fly.
   It makes you less stealthy.
 R - the amulet of Luqic (around neck) {Reflect Fragile rElec rPois Int+3 SH+4 Stlth+}
   (You acquired it on level 1 of the Vaults)

   [amulet of reflection]

   It shields you and reflects attacks.
   It affects your intelligence (+3).
   It insulates you from electricity.
   It protects you from poison.
   It will be destroyed if unequipped.
   It affects your SH (+4).
   It makes you more stealthy.
 V - a +4 ring of evasion (right hand)
   (You found it on level 5 of the Pits of Slime)
Wands
 d - a wand of digging (11)
 o - a wand of enslavement (9)
 s - a wand of iceblast (28)
 Z - a wand of clouds (1)
Scrolls
 g - 2 scrolls of fog
 i - 4 scrolls of identify
 l - 2 scrolls of summoning
 r - 14 scrolls of remove curse
 u - a scroll of silence
 y - 6 scrolls of teleportation
 I - 4 scrolls of amnesia
 P - 4 scrolls of immolation
 X - 8 scrolls of fear
Potions
 h - a potion of might
 p - a potion of heal wounds
 q - 3 potions of brilliance
 x - 7 potions of flight
 z - a potion of ambrosia
 A - 18 potions of curing
 K - a potion of invisibility
 M - a potion of cancellation
 T - 2 potions of mutation {!q}
 U - 2 potions of agility
Books
 O - a manual of Stealth
   (You found it in a labyrinth)
Miscellaneous
 f - 4 boxes of beasts
 j - a lamp of fire
 J - a phantom mirror
 Q - 2 sacks of spiders
 S - a phial of floods
Comestibles
 c - 35 rations


   Skills:
 + Level 13.7 Fighting
 + Level 13.5 Short Blades
 + Level 13.5 Long Blades
 + Level 13.5 Axes
 + Level 13.5 Maces & Flails
 + Level 13.5 Polearms
 + Level 13.5 Staves
 + Level 13.5 Slings
 + Level 13.5 Bows
 + Level 13.5 Crossbows
 + Level 13.5 Throwing
 + Level 13.5 Armour
 + Level 14.1 Dodging
 + Level 16.8 Stealth
 + Level 13.5 Shields
 + Level 14.7 Unarmed Combat
 + Level 14.2 Spellcasting
 + Level 11.6 Conjurations
 + Level 11.6 Hexes
 + Level 11.6 Charms
 + Level 11.6 Summonings
 + Level 11.6 Necromancy
 + Level 11.6 Translocations
 + Level 12.1 Transmutations
 + Level 11.6 Fire Magic
 + Level 11.6 Ice Magic
 + Level 11.6 Air Magic
 + Level 11.6 Earth Magic
 + Level 11.6 Poison Magic
 + Level 14.5 Invocations
 + Level 13.5 Evocations


You had 3 spell levels left.
You knew the following spells:

 Your Spells              Type           Power        Failure   Level  Hunger
b - Blink                 Tloc           N/A          1%          2    None
g - Passage of Golubria   Tloc           N/A          1%          4    None
k - Sticks to Snakes      Tmut           #######.     1%          2    None
l - Lesser Beckoning      Tloc           #######...   1%          3    None
p - Passwall              Tmut/Erth      #######...   1%          2    None
r - Regeneration          Chrm/Necr      #######...   1%          3    None
s - Statue Form           Tmut/Erth      #######..    8%          6    ##.....
v - Borgnjor's Vile Clut  Necr/Erth      #######...   1%          5    None
y - Song of Slaying       Chrm           #######.     1%          2    None
A - Apportation           Tloc           ######       1%          1    None
D - Lee's Rapid Deconstr  Erth           #######...   1%          5    None
N - Animate Dead          Necr           N/A          1%          4    None
R - Irradiate             Conj/Tmut      #######...   1%          5    None


Dungeon Overview and Level Annotations

Branches:
Dungeon (15/15)            Temple (1/1) D:6            Lair (6/6) D:11
 Shoals (4/4) Lair:2       Spider (4/4) Lair:2        Slime (5/5) Lair:5
    Orc (2/2) D:11         Vaults (5/5) D:13
    Elf: Orc:2        Crypt: Vaults:2-3  Depths: D:15

Altars:
Cheibriados
Dithmenos
Fedhas
Hepliaklqana
Kikubaaqudgha
Nemelex Xobeh
Okawaru
Vehumet
Wu Jian
Xom
Zin
The Shining One
Beogh
Jiyva

Shops:
D:4 =*   D:14 *   Orc:2 ([*:   Shoals:4 (   Vaults:1 ?=

Annotations:
Lair:1 exclusion: 2 oklob plants
Lair:5 exclusion: oklob plant
Spider:3 Mara


Innate Abilities, Weirdness & Mutations

Your experience applies equally to all skills.
You have very sharp teeth.
Your uncanny sense of smell can sniff out nearby items.
You are resistant to hostile enchantments. (MR+)
You are robust. (+10% HP)
You expend magic power (3 MP) to strengthen your wands.


Message History

Cheibriados appreciates the change of pace.
The deep elf mage shouts!
You hear an angry hiss.
You hear a shout! x4
You block the green very ugly thing's attack.
You hear a shout!
A lich comes into view.
Unknown command.
Magical energy flows into your mind!
You feel slightly less full.
Your skin stops crawling.
You hear a shout! x2
You block the green very ugly thing's attack.
The titan shouts!
Unknown command.
As you read the scroll of fog, it crumbles to dust.
The scroll dissolves into smoke.
The green very ugly thing engulfs you but does no damage.
You block the green very ugly thing's attack.
The deep elf annihilator casts a spell.
The deep elf annihilator blinks!
Unknown command.
Evoke which item? (* to show all) (? for menu, Esc to quit)
Aiming: Iceblast
Press: ? - help, Shift-Dir - straight line, f - deep elf mage
Aim: a deep elf mage, wielding a dagger and wearing a chain mail (blue smoke)
The mass of ice explodes!
The iceblast engulfs the deep elf mage.
The deep elf mage is almost dead.
The iceblast engulfs the vault warden.
The vault warden is severely wounded.
The iceblast engulfs the green very ugly thing.
The green very ugly thing is lightly wounded.
You hear a shout! x8
You block the green very ugly thing's attack.
You hear a shout! x2
A deep elf high priest and an ironheart preserver come into view.
Evoke which item? (* to show all) (? for menu, Esc to quit)
Okay, then.
Unknown command.
Unknown command.
Evoke which item? (* to show all) (? for menu, Esc to quit)
Okay, then.
Unknown command.
You can feel time thicken for a moment.
You kill the deep elf mage!
Cheibriados thoroughly appreciates the change of pace.
You kill the vault warden!
Cheibriados appreciates the change of pace.
You feel somewhat less full.
Cheibriados lowers the support of your attributes as your movement quickens.
You block the green very ugly thing's attack. x2
You block the ironheart preserver's attack.
Unknown command.
Casting: Borgnjor's Vile Clutch
Confirm with . or Enter, or press ? or * to list all spells.
You erupt in a fountain of uncontrolled magic!
The ironheart preserver is blasted with magical radiation!
The ironheart preserver is severely wounded.
The ironheart preserver twists and deforms.
The green very ugly thing is blasted with magical radiation!
The green very ugly thing is almost dead.
The green very ugly thing basks in the mutagenic energy and changes!
The titan is blasted with magical radiation!
The titan is severely wounded.
The titan twists and deforms.
You are very lightly contaminated with residual magic.
You hear a shout! x2
The deep elf high priest calls down the wrath of its god upon you.
Something smites you!
* * * LOW HITPOINT WARNING * * *
You block the titan's attack.
You block the cyan very ugly thing's attack.
You block the ironheart preserver's attack.
Unknown command.
You can feel time thicken for a moment.
You kill the titan!
Cheibriados appreciates the change of pace.
You kill the cyan very ugly thing!
Cheibriados thoroughly appreciates the change of pace.
You kill the ironheart preserver!
Cheibriados thoroughly appreciates the change of pace.
You kill the deep elf high priest!
Cheibriados appreciates the change of pace.
You feel somewhat less full.
You can no longer step out of the time flow.
Cheibriados lowers the support of your attributes as your movement quickens.
Unknown command.
Your head hurts.
Nothing appears to happen.
You block the lich's attack.
The deep elf annihilator gestures at you while chanting.
The poison arrow reflects off an invisible shield around you!
The poison arrow hits the deep elf annihilator.
The deep elf annihilator looks as sick as possible!
You kill the deep elf annihilator!
Cheibriados appreciates the change of pace.
You hear a shout! x2
A vault sentinel comes into view. It is wielding a long sword.
Nothing appears to happen.
You hear an angry hiss.
You block the lich's attack.
The vault sentinel blows a loud note on a signal horn!
The lich points at you and mumbles some strange words.
The bolt of cold hits you!
You feel a terrible chill!
You die...

##. #.Q ##.. .
#....#... ).
...#....#..# )..
...#....#.p## ).C.
........#§§§##).)..
.....)..#H)§§§).#
....)L(e)§L8§§[#
....).)).§######
.....<<.)).......
....<..<.).......
.....<<..D.......
.................
##........#######
#...$......
...#....#...


You could see a sphinx, a lich and a vault sentinel.

Vanquished Creatures
  the Royal Jelly (Slime:5)
  An ancient lich (Vaults:5)
  Sojobo (Vaults:5)
  The ghost of Scuka the Merfolkian Porcupine, a veteran MfGl of Trog (Vaults:4)
  Rupert (Spider:1)
  2 titans (Vaults:5)
  A quicksilver dragon (Vaults:5)
  Polyphemus (Shoals:4)
  20 acid blobs
  2 sphinxes (Vaults:5)
  The ghost of Mirai the Severer, an adept MiFi of Okawaru (Shoals:4)
  A storm dragon (Vaults:5)
  Ilsuiw (Shoals:4)
  2 tengu reavers (Vaults:5)
  7 azure jellies
  2 frost giants (Shoals:4)
  Aizul (Spider:2)
  7 vault wardens
  2 orc warlords (Orc:2)
  2 emperor scorpions
  A ghoul (Vaults:4)
  4 ghost moths
  11 ironheart preservers
  2 stone giants (Vaults:5)
  4 very ugly things
  4 entropy weavers
  3 dire elephants (Lair:6)
  2 spark wasps (Spider:4)
  A deep elf annihilator (Vaults:5)
  4 ettins (Vaults:5)
  A deep elf death mage (Vaults:1)
  3 merfolk javelineers (Shoals:4)
  15 merfolk impalers
  A minotaur (Lab)
  7 death oozes
  A deep elf high priest (Vaults:5)
  Erolcha (D:12)
  5 yaktaur captains
  Josephine (D:15)
  26 vault guards
  8 great orbs of eyes
  Fannar (Lair:3)
  4 merfolk avatars
  3 hydras
  An anaconda (Lair:6)
  Erica (Orc:1)
  9 centaur warriors
  2 satyrs
  3 death knights
  2 catoblepae
  6 ogre magi
  An alligator snapping turtle (Shoals:4)
  A dancing weapon (Vaults:5)
  6 merfolk aquamancers
  3 death yaks
  6 two-headed ogres
  A tengu warrior (D:14)
  3 orc high priests (Orc:2)
  4 deep elf knights
  Nergalle (Lair:4)
  A fire crab (Lair:5)
  3 unseen horrors
  10 sea snakes
  3 deep trolls (Vaults:2)
  A flayed ghost (Vaults:5)
  A lindwurm (Lair:6)
  2 deep elf archers
  11 orc knights
  5 orb spiders
  2 wizards
  7 ironbrand convokers
  2 ugly things (Vaults:4)
  7 wolf spiders
  15 deep elf magi
  4 orc sorcerers (Orc:2)
  4 oklob plants (Lair:5)
  5 manticores
  2 shining eyes (Slime:5)
  7 fauns
  2 cyclopes
  The ghost of Serooblart the Fighter, a novice MiFi of Okawaru (D:6)
  A black mamba (Lair:6)
  7 elephants
  6 merfolk sirens
  4 vault sentinels
  2 torpor snails
  8 spiny frogs
  5 water nymphs
  5 demonic crawlers
  14 yaktaurs
  2 tengu conjurers (D:14)
  A redback zombie (D:15)
  4 freezing wraiths
  6 komodo dragons
  3 meliai (D:15)
  A polar bear (shapeshifter) (Vaults:1)
  4 wind drakes
  4 trolls
  19 jumping spiders
  26 merfolk
  10 hornets
  Prince Ribbit (D:5)
  9 blink frogs
  4 dream sheep (Shoals:1)
  49 slime creatures
  2 polar bears (Lair:6)
  A blink frog (shapeshifter) (D:13)
  Grinder (D:6)
  3 snapping turtles (Shoals:4)
  8 hippogriffs
  22 tarantellas
  A centaur simulacrum (D:14)
  3 shadows
  47 redbacks
  A spriggan (Lair:1)
  37 yaks
  8 water elementals
  2 hungry ghosts
  7 golden eyes
  A human simulacrum (Vaults:1)
  8 wraiths
  8 basilisks
  2 vampire mosquitoes (D:13)
  A steam dragon (Lair:3)
  A swamp worm (shapeshifter) (Vaults:5)
  2 wargs (Orc:2)
  2 acid dragons
  A soldier ant (D:14)
  Duvessa (D:6)
  10 water moccasins
  40 orc warriors
  7 porcupines
  2 sky beasts
  An ice beast (D:12)
  A necrophage (D:14)
  A black bear (Lair:3)
  4 eyes of draining
  11 centaurs
  17 ogres
  25 wolves
  5 crocodiles
  A big kobold (D:11)
  15 bullfrogs
  Dowan (D:6)
  A wyvern skeleton (D:14)
  3 scorpions
  9 wights
  A howler monkey (D:12)
  2 troll skeletons (Lab)
  2 electric eels
  5 crimson imps
  3 centaur zombies
  3 jellies
  A quasit (D:6)
  25 orc priests
  Crazy Yiuf (D:6)
  3 hounds
  23 orc wizards
  An iguana (D:12)
  A centaur skeleton (Lab)
  6 worker ants
  3 hell rats (Lair:5)
  An ogre skeleton (Lab)
  A howler monkey zombie (D:9)
  3 adders
  7 gnolls
  4 river rats (Lair:5)
  3 shadow imps
  3 oozes (Lair:5)
  5 leopard geckos
  117 orcs
  4 giant cockroaches
  6 goblins
  2 hobgoblins (D:1)
  12 jackals
  4 quokkas
  A ball python (D:3)
  5 bats
  A frilled lizard (D:5)
  2 goblin zombies (D:4)
  A jackal skeleton (D:4)
  8 kobolds
  A leopard gecko skeleton (D:6)
  8 rats
  11 plants
1124 creatures vanquished.

Vanquished Creatures (collateral kills)
  An acid blob (Slime:5)
  3 orb spiders
  3 wolf spiders (Spider:4)
  A shining eye (Slime:4)
  A moth of wrath (Spider:3)
  A gargoyle (D:8)
  A torpor snail (Spider:2)
  A merfolk (Shoals:4)
  2 jumping spiders (Spider:4)
  7 redbacks
  A yak (Lair:4)
  3 tarantellas (Spider:4)
  Menkaure (D:6)
  2 orc warriors (Orc:2)
  An electric eel (Spider:4)
  A bullfrog zombie (D:6)
  An iguana (D:6)
  3 orcs
  A quokka (D:7)
  2 plants (Lair:6)
37 creatures vanquished.

Vanquished Creatures (others)
  A vault warden (Vaults:5)
  A merfolk impaler (Shoals:1)
  A yaktaur captain (Vaults:5)
  An ironbrand convoker (Vaults:1)
  A manticore (Shoals:1)
  A yaktaur (Vaults:4)
  A centaur (D:15)
  11 fungi
  17 plants
  3 spectral weapons
38 creatures vanquished.

Grand Total: 1199 creatures vanquished

Notes
Turn   | Place    | Note
-------+----------+-------------------------------------------
     0 | D:1      | tidbits the Gnoll Transmuter began the quest for the Orb.
     0 | D:1      | Reached XP level 1. HP: 17/17 MP: 6/6
    62 | D:1      | Reached XP level 2. HP: 23/23 MP: 5/7
   102 | D:1      | Learned a level 2 spell: Sticks to Snakes
   122 | D:1      | Reached XP level 3. HP: 10/28 MP: 9/9
   127 | D:1      | Learned a level 3 spell: Spider Form
   214 | D:1      | Reached skill level 5 in Spellcasting
   281 | D:1      | Reached skill level 1 in Invocations
   347 | D:3      | Reached skill level 1 in Short Blades
   347 | D:3      | Reached skill level 1 in Long Blades
   347 | D:3      | Reached skill level 1 in Axes
   347 | D:3      | Reached skill level 1 in Maces & Flails
   347 | D:3      | Reached skill level 1 in Polearms
   347 | D:3      | Reached skill level 1 in Staves
   347 | D:3      | Reached skill level 1 in Slings
   347 | D:3      | Reached skill level 1 in Bows
   347 | D:3      | Reached skill level 1 in Crossbows
   347 | D:3      | Reached skill level 1 in Throwing
   347 | D:3      | Reached skill level 1 in Armour
   347 | D:3      | Reached skill level 1 in Stealth
   347 | D:3      | Reached skill level 1 in Shields
   347 | D:3      | Reached skill level 1 in Evocations
   359 | D:3      | Reached XP level 4. HP: 34/34 MP: 8/11
   369 | D:4      | Noticed an ogre
   376 | D:4      | Killed an ogre
   376 | D:4      | Reached skill level 1 in Conjurations
   376 | D:4      | Reached skill level 1 in Hexes
   376 | D:4      | Reached skill level 1 in Charms
   376 | D:4      | Reached skill level 1 in Summonings
   376 | D:4      | Reached skill level 1 in Necromancy
   376 | D:4      | Reached skill level 1 in Translocations
   376 | D:4      | Reached skill level 1 in Fire Magic
   376 | D:4      | Reached skill level 1 in Ice Magic
   376 | D:4      | Reached skill level 1 in Air Magic
   376 | D:4      | Reached skill level 1 in Earth Magic
   376 | D:4      | Reached skill level 1 in Poison Magic
   376 | D:4      | Reached XP level 5. HP: 40/40 MP: 7/12
   380 | D:4      | Found Biakaymm's Jewellery Shoppe.
   399 | D:4      | Reached skill level 3 in Fighting
   399 | D:4      | Reached skill level 4 in Transmutations
   441 | D:4      | Reached XP level 6. HP: 43/47 MP: 7/13
   444 | D:4      | Reached skill level 2 in Invocations
   490 | D:5      | Entered Level 5 of the Dungeon
   553 | D:4      | Found Tamorako's Assorted Antiques.
   564 | D:4      | Bought a sapphire potion for 24 gold pieces
   564 | D:4      | Bought a scroll labeled ORI JOOFRUDAO for 27 gold pieces
   568 | D:4      | Learned a level 3 spell: Ozocubu's Armour
   676 | D:4      | Reached skill level 2 in Short Blades
   676 | D:4      | Reached skill level 2 in Long Blades
   676 | D:4      | Reached skill level 2 in Axes
   676 | D:4      | Reached skill level 2 in Maces & Flails
   676 | D:4      | Reached skill level 2 in Polearms
   676 | D:4      | Reached skill level 2 in Staves
   676 | D:4      | Reached skill level 2 in Slings
   676 | D:4      | Reached skill level 2 in Bows
   676 | D:4      | Reached skill level 2 in Crossbows
   676 | D:4      | Reached skill level 2 in Throwing
   676 | D:4      | Reached skill level 2 in Armour
   676 | D:4      | Reached skill level 5 in Dodging
   676 | D:4      | Reached skill level 2 in Stealth
   676 | D:4      | Reached skill level 2 in Shields
   676 | D:4      | Reached skill level 2 in Evocations
   685 | D:4      | Found a sand-covered staircase.
   692 | Ossuary  | Entered an ossuary
   830 | D:6      | Noticed Serooblart's ghost (novice MiFi)
   844 | D:6      | Noticed an orc warrior
   868 | D:6      | Killed Serooblart's ghost
   868 | D:6      | Reached skill level 7 in Unarmed Combat
   868 | D:6      | Reached skill level 2 in Conjurations
   868 | D:6      | Reached skill level 2 in Hexes
   868 | D:6      | Reached skill level 2 in Charms
   868 | D:6      | Reached skill level 2 in Summonings
   868 | D:6      | Reached skill level 2 in Necromancy
   868 | D:6      | Reached skill level 2 in Translocations
   868 | D:6      | Reached skill level 2 in Fire Magic
   868 | D:6      | Reached skill level 2 in Ice Magic
   868 | D:6      | Reached skill level 2 in Air Magic
   868 | D:6      | Reached skill level 2 in Earth Magic
   868 | D:6      | Reached skill level 2 in Poison Magic
   868 | D:6      | Reached skill level 3 in Invocations
   868 | D:6      | Reached XP level 7. HP: 19/53 MP: 1/15
   876 | D:6      | Reached XP level 8. HP: 45/60 MP: 2/16
   912 | D:5      | Reached skill level 4 in Fighting
   926 | D:5      | Reached skill level 3 in Short Blades
   926 | D:5      | Reached skill level 3 in Long Blades
   926 | D:5      | Reached skill level 3 in Axes
   926 | D:5      | Reached skill level 3 in Maces & Flails
   926 | D:5      | Reached skill level 3 in Polearms
   926 | D:5      | Reached skill level 3 in Staves
   926 | D:5      | Reached skill level 3 in Slings
   926 | D:5      | Reached skill level 3 in Bows
   926 | D:5      | Reached skill level 3 in Crossbows
   926 | D:5      | Reached skill level 3 in Throwing
   926 | D:5      | Reached skill level 3 in Armour
   926 | D:5      | Reached skill level 3 in Stealth
   926 | D:5      | Reached skill level 3 in Shields
   926 | D:5      | Reached skill level 3 in Evocations
  1037 | D:5      | Noticed Prince Ribbit
  1054 | D:5      | Killed Prince Ribbit
  1054 | D:5      | Reached skill level 6 in Spellcasting
  1136 | D:6      | Noticed Grinder
  1151 | D:6      | Killed Grinder
  1332 | D:7      | Noticed Menkaure
  1339 | D:6      | Killed Menkaure
  1339 | D:6      | Reached skill level 3 in Conjurations
  1339 | D:6      | Reached skill level 3 in Hexes
  1339 | D:6      | Reached skill level 3 in Charms
  1339 | D:6      | Reached skill level 3 in Summonings
  1339 | D:6      | Reached skill level 3 in Necromancy
  1339 | D:6      | Reached skill level 3 in Translocations
  1339 | D:6      | Reached skill level 3 in Fire Magic
  1339 | D:6      | Reached skill level 3 in Ice Magic
  1339 | D:6      | Reached skill level 3 in Air Magic
  1339 | D:6      | Reached skill level 3 in Earth Magic
  1339 | D:6      | Reached skill level 3 in Poison Magic
  1339 | D:6      | Reached skill level 4 in Invocations
  1380 | D:7      | Reached skill level 6 in Dodging
  1380 | D:7      | Reached XP level 9. HP: 50/66 MP: 8/18
  1406 | D:7      | Reached skill level 5 in Transmutations
  1422 | D:7      | Reached skill level 4 in Short Blades
  1422 | D:7      | Reached skill level 4 in Long Blades
  1422 | D:7      | Reached skill level 4 in Axes
  1422 | D:7      | Reached skill level 4 in Maces & Flails
  1422 | D:7      | Reached skill level 4 in Polearms
  1422 | D:7      | Reached skill level 4 in Staves
  1422 | D:7      | Reached skill level 4 in Slings
  1422 | D:7      | Reached skill level 4 in Bows
  1422 | D:7      | Reached skill level 4 in Crossbows
  1422 | D:7      | Reached skill level 4 in Throwing
  1422 | D:7      | Reached skill level 4 in Armour
  1422 | D:7      | Reached skill level 4 in Stealth
  1422 | D:7      | Reached skill level 4 in Shields
  1422 | D:7      | Reached skill level 4 in Evocations
  1482 | D:6      | Found a runed door.
  1487 | D:6      | Noticed Crazy Yiuf
  1491 | D:6      | Killed Crazy Yiuf
  1590 | D:6      | Noticed Dowan
  1592 | D:6      | Noticed Duvessa
  1607 | D:6      | Killed Duvessa
  1608 | D:6      | Killed Dowan
  1637 | D:6      | Reached skill level 5 in Fighting
  1662 | D:6      | Found a staircase to the Ecumenical Temple.
  1668 | Temple   | Entered the Ecumenical Temple
  1673 | Temple   | Became a worshipper of Cheibriados the Contemplative
  1772 | D:8      | Noticed a gargoyle
  1882 | D:8      | Killed a gargoyle
  1882 | D:8      | Reached skill level 8 in Unarmed Combat
  1898 | D:8      | !
  1992 | D:9      | Reached * piety under Cheibriados
  2008 | D:9      | Found a flagged portal.
  2024 | Bailey   | Entered a bailey
  2093 | Bailey   | Reached skill level 5 in Invocations
  2096 | Bailey   | Reached ** piety under Cheibriados
  2152 | Bailey   | Noticed an orc knight
  2152 | Bailey   | Noticed an orc knight
  2156 | Bailey   | Noticed an orc knight
  2187 | Bailey   | Killed an orc knight
  2187 | Bailey   | Reached skill level 7 in Spellcasting
  2187 | Bailey   | Reached skill level 4 in Conjurations
  2187 | Bailey   | Reached skill level 4 in Hexes
  2187 | Bailey   | Reached skill level 4 in Charms
  2187 | Bailey   | Reached skill level 4 in Summonings
  2187 | Bailey   | Reached skill level 4 in Necromancy
  2187 | Bailey   | Reached skill level 4 in Translocations
  2187 | Bailey   | Reached skill level 4 in Fire Magic
  2187 | Bailey   | Reached skill level 4 in Ice Magic
  2187 | Bailey   | Reached skill level 4 in Air Magic
  2187 | Bailey   | Reached skill level 4 in Earth Magic
  2187 | Bailey   | Reached skill level 4 in Poison Magic
  2187 | Bailey   | Reached XP level 10. HP: 48/75 MP: 16/20
  2188 | Bailey   | Killed an orc knight
  2188 | Bailey   | Reached skill level 5 in Short Blades
  2188 | Bailey   | Reached skill level 5 in Long Blades
  2188 | Bailey   | Reached skill level 5 in Axes
  2188 | Bailey   | Reached skill level 5 in Maces & Flails
  2188 | Bailey   | Reached skill level 5 in Polearms
  2188 | Bailey   | Reached skill level 5 in Staves
  2188 | Bailey   | Reached skill level 5 in Slings
  2188 | Bailey   | Reached skill level 5 in Bows
  2188 | Bailey   | Reached skill level 5 in Crossbows
  2188 | Bailey   | Reached skill level 5 in Throwing
  2188 | Bailey   | Reached skill level 5 in Armour
  2188 | Bailey   | Reached skill level 5 in Stealth
  2188 | Bailey   | Reached skill level 5 in Shields
  2188 | Bailey   | Reached skill level 5 in Evocations
  2193 | Bailey   | Killed an orc knight
  2193 | Bailey   | Reached skill level 7 in Dodging
  2204 | Bailey   | Noticed an orc knight
  2214 | Bailey   | Killed an orc knight
  2214 | Bailey   | Reached skill level 6 in Fighting
  2278 | Bailey   | Learned a level 5 spell: Irradiate
  2284 | Bailey   | Learned a level 5 spell: Blade Hands
  2407 | D:10     | Entered Level 10 of the Dungeon
  2444 | D:10     | Reached skill level 6 in Transmutations
  2444 | D:10     | Reached skill level 6 in Invocations
  2473 | D:10     | Reached *** piety under Cheibriados
  2511 | D:10     | Gained mutation: Scrolls take you a little longer to read. [potion of mutation]
  2511 | D:10     | Gained mutation: Your spells are a little harder to cast, but a little more powerful. [potion of mutation]
  2511 | D:10     | Gained mutation: Your spells are harder to cast, but more powerful. [potion of mutation]
  2512 | D:10     | Lost mutation: Your spells are harder to cast, but more powerful. [potion of mutation]
  2512 | D:10     | Lost mutation: Scrolls take you a little longer to read. [potion of mutation]
  2512 | D:10     | Gained mutation: You can translocate small distances at will. [potion of mutation]
  2512 | D:10     | Gained mutation: You are resistant to hostile enchantments. (MR+) [potion of mutation]
  2610 | D:10     | Reached XP level 11. HP: 69/82 MP: 15/22
  2728 | D:11     | Reached **** piety under Cheibriados
  2870 | D:12     | Reached skill level 9 in Unarmed Combat
  2873 | D:12     | Reached skill level 6 in Short Blades
  2873 | D:12     | Reached skill level 6 in Long Blades
  2873 | D:12     | Reached skill level 6 in Axes
  2873 | D:12     | Reached skill level 6 in Maces & Flails
  2873 | D:12     | Reached skill level 6 in Polearms
  2873 | D:12     | Reached skill level 6 in Staves
  2873 | D:12     | Reached skill level 6 in Slings
  2873 | D:12     | Reached skill level 6 in Bows
  2873 | D:12     | Reached skill level 6 in Crossbows
  2873 | D:12     | Reached skill level 6 in Throwing
  2873 | D:12     | Reached skill level 6 in Armour
  2873 | D:12     | Reached skill level 6 in Stealth
  2873 | D:12     | Reached skill level 6 in Shields
  2873 | D:12     | Reached skill level 6 in Evocations
  2993 | D:13     | Noticed a four-headed hydra
  2999 | D:13     | Killed a four-headed hydra
  2999 | D:13     | Reached skill level 8 in Spellcasting
  2999 | D:13     | Reached skill level 5 in Conjurations
  2999 | D:13     | Reached skill level 5 in Hexes
  2999 | D:13     | Reached skill level 5 in Charms
  2999 | D:13     | Reached skill level 5 in Summonings
  2999 | D:13     | Reached skill level 5 in Necromancy
  2999 | D:13     | Reached skill level 5 in Translocations
  2999 | D:13     | Reached skill level 5 in Fire Magic
  2999 | D:13     | Reached skill level 5 in Ice Magic
  2999 | D:13     | Reached skill level 5 in Air Magic
  2999 | D:13     | Reached skill level 5 in Earth Magic
  2999 | D:13     | Reached skill level 5 in Poison Magic
  3009 | D:14     | Noticed a centaur warrior
  3015 | D:14     | Killed a centaur warrior
  3022 | D:14     | Found Diodwah's Assorted Antiques.
  3152 | D:14     | Reached ***** piety under Cheibriados
  3196 | D:15     | Entered Level 15 of the Dungeon
  3203 | D:15     | Reached skill level 7 in Invocations
  3205 | D:15     | Noticed an eight-headed hydra
  3205 | D:15     | Reached skill level 7 in Fighting
  3205 | D:15     | Reached skill level 8 in Dodging
  3249 | D:14     | Killed an unseen horror
  3288 | D:14     | Noticed a centaur warrior
  3290 | D:14     | Noticed a wolf spider
  3291 | D:14     | Killed a centaur warrior
  3300 | D:14     | Killed a wolf spider
  3300 | D:14     | Reached XP level 12. HP: 72/91 MP: 3/24
  3333 | D:14     | Reached skill level 7 in Transmutations
  3340 | D:14     | Noticed a five-headed hydra
  3347 | D:14     | Killed a five-headed hydra
  3353 | D:14     | Reached skill level 7 in Short Blades
  3353 | D:14     | Reached skill level 7 in Long Blades
  3353 | D:14     | Reached skill level 7 in Axes
  3353 | D:14     | Reached skill level 7 in Maces & Flails
  3353 | D:14     | Reached skill level 7 in Polearms
  3353 | D:14     | Reached skill level 7 in Staves
  3353 | D:14     | Reached skill level 7 in Slings
  3353 | D:14     | Reached skill level 7 in Bows
  3353 | D:14     | Reached skill level 7 in Crossbows
  3353 | D:14     | Reached skill level 7 in Throwing
  3353 | D:14     | Reached skill level 7 in Armour
  3353 | D:14     | Reached skill level 7 in Stealth
  3353 | D:14     | Reached skill level 7 in Shields
  3353 | D:14     | Reached skill level 7 in Evocations
  3364 | D:14     | Found a glowing silver altar of Zin.
  3364 | D:14     | Noticed a centaur warrior
  3372 | D:14     | Killed a centaur warrior
  3389 | D:14     | Identified Zaorgh's Guide on Displaced Ice
  3391 | D:14     | Identified the Compendium of the Boosting Traveller
  3399 | D:14     | Got a polished fustibalus
  3404 | D:14     | Learned a level 1 spell: Apportation
  3408 | D:14     | Learned a level 3 spell: Regeneration
  3417 | D:14     | Learned a level 6 spell: Statue Form
  3427 | D:14     | Noticed a centaur warrior
  3430 | D:14     | Noticed a tengu warrior
  3435 | D:14     | Killed a centaur warrior
  3435 | D:14     | Reached skill level 6 in Conjurations
  3435 | D:14     | Reached skill level 6 in Hexes
  3435 | D:14     | Reached skill level 6 in Charms
  3435 | D:14     | Reached skill level 6 in Summonings
  3435 | D:14     | Reached skill level 6 in Necromancy
  3435 | D:14     | Reached skill level 6 in Translocations
  3435 | D:14     | Reached skill level 6 in Fire Magic
  3435 | D:14     | Reached skill level 6 in Ice Magic
  3435 | D:14     | Reached skill level 6 in Air Magic
  3435 | D:14     | Reached skill level 6 in Earth Magic
  3435 | D:14     | Reached skill level 6 in Poison Magic
  3443 | D:14     | Killed a tengu warrior
  3443 | D:14     | Reached skill level 8 in Invocations
  3443 | D:14     | Reached skill level 9 in Spellcasting
  3444 | D:14     | Noticed a centaur warrior
  3447 | D:14     | Killed a centaur warrior
  3496 | D:14     | Found a runed door.
  3551 | D:13     | Learned a level 2 spell: Passwall
  3620 | D:12     | Reached skill level 8 in Fighting
  3620 | D:12     | Reached skill level 10 in Unarmed Combat
  3643 | D:12     | Identified the +12 fustibalus "Zaawkomm" {flame, rF+ rN+ MR-} (You found it on level 14 of the Dungeon)
  3787 | D:11     | Found a staircase to the Orcish Mines.
  3791 | D:11     | Reached skill level 9 in Dodging
  3809 | D:11     | Found a roughly hewn altar of Beogh.
  3821 | Orc:1    | Entered Level 1 of the Orcish Mines
  3926 | Orc:1    | Noticed Erica
  3935 | Orc:1    | Killed Erica
  3935 | Orc:1    | Reached XP level 13. HP: 75/98 MP: 18/26
  3984 | Orc:1    | Found a roughly hewn altar of Beogh.
  4072 | Orc:2    | Entered Level 2 of the Orcish Mines
  4233 | Orc:2    | Found a labyrinth entrance.
  4273 | Lab      | Entered a labyrinth
  4523 | Lab      | Noticed a minotaur
  4525 | Lab      | Killed a minotaur
  4525 | Lab      | Reached skill level 8 in Short Blades
  4525 | Lab      | Reached skill level 8 in Long Blades
  4525 | Lab      | Reached skill level 8 in Axes
  4525 | Lab      | Reached skill level 8 in Maces & Flails
  4525 | Lab      | Reached skill level 8 in Polearms
  4525 | Lab      | Reached skill level 8 in Staves
  4525 | Lab      | Reached skill level 8 in Slings
  4525 | Lab      | Reached skill level 8 in Bows
  4525 | Lab      | Reached skill level 8 in Crossbows
  4525 | Lab      | Reached skill level 8 in Throwing
  4525 | Lab      | Reached skill level 8 in Armour
  4525 | Lab      | Reached skill level 8 in Stealth
  4525 | Lab      | Reached skill level 8 in Shields
  4525 | Lab      | Reached skill level 8 in Evocations
  4528 | Lab      | Got a slimy large shield
  4616 | Orc:2    | Noticed an orc warlord
  4636 | Orc:2    | Killed an orc warlord
  4703 | Orc:2    | Reached ****** piety under Cheibriados
  4705 | Orc:2    | Reached skill level 9 in Invocations
  4724 | Orc:2    | Reached skill level 8 in Transmutations
  4774 | Orc:2    | Noticed an orc warlord
  4813 | Orc:2    | Reached skill level 7 in Conjurations
  4813 | Orc:2    | Reached skill level 7 in Hexes
  4813 | Orc:2    | Reached skill level 7 in Charms
  4813 | Orc:2    | Reached skill level 7 in Summonings
  4813 | Orc:2    | Reached skill level 7 in Necromancy
  4813 | Orc:2    | Reached skill level 7 in Translocations
  4813 | Orc:2    | Reached skill level 7 in Fire Magic
  4813 | Orc:2    | Reached skill level 7 in Ice Magic
  4813 | Orc:2    | Reached skill level 7 in Air Magic
  4813 | Orc:2    | Reached skill level 7 in Earth Magic
  4813 | Orc:2    | Reached skill level 7 in Poison Magic
  4849 | Orc:2    | Killed an orc warlord
  4872 | Orc:2    | Reached skill level 9 in Stealth
  4964 | Orc:2    | Found Qubivy's General Store.
  4965 | Orc:2    | Found Quxaunoph's Book Boutique.
  4966 | Orc:2    | Found Ymojeamp's Antique Armour Shop.
  4966 | Orc:2    | Found Qiffigimug's Antique Weapon Shop.
  4984 | Orc:2    | Bought a book of Unlife for 910 gold pieces
  4990 | Orc:2    | Learned a level 2 spell: Shroud of Golubria
  4996 | Orc:2    | Learned a level 5 spell: Borgnjor's Vile Clutch
  5002 | Orc:2    | Learned a level 4 spell: Passage of Golubria
  5052 | Orc:2    | Learned a level 1 spell: Animate Skeleton
  5114 | D:11     | Reached skill level 9 in Fighting
  5136 | D:11     | Found a staircase to the Lair.
  5147 | Lair:1   | Entered Level 1 of the Lair of Beasts
  5181 | Lair:1   | Reached skill level 10 in Spellcasting
  5286 | Lair:1   | Reached XP level 14. HP: 92/108 MP: 15/28
  5303 | Lair:1   | Reached skill level 10 in Dodging
  5524 | Lair:3   | Noticed Fannar
  5533 | Lair:3   | Killed Fannar
  5578 | Lair:3   | Reached skill level 9 in Short Blades
  5578 | Lair:3   | Reached skill level 9 in Long Blades
  5578 | Lair:3   | Reached skill level 9 in Axes
  5578 | Lair:3   | Reached skill level 9 in Maces & Flails
  5578 | Lair:3   | Reached skill level 9 in Polearms
  5578 | Lair:3   | Reached skill level 9 in Staves
  5578 | Lair:3   | Reached skill level 9 in Slings
  5578 | Lair:3   | Reached skill level 9 in Bows
  5578 | Lair:3   | Reached skill level 9 in Crossbows
  5578 | Lair:3   | Reached skill level 9 in Throwing
  5578 | Lair:3   | Reached skill level 9 in Armour
  5578 | Lair:3   | Reached skill level 9 in Shields
  5578 | Lair:3   | Reached skill level 11 in Unarmed Combat
  5578 | Lair:3   | Reached skill level 9 in Evocations
  5749 | Lair:4   | Noticed Nergalle
  5757 | Lair:4   | Killed Nergalle
  5834 | Lair:3   | Reached skill level 10 in Stealth
  5947 | Lair:2   | Found a staircase to the Shoals.
  5958 | Shoals:1 | Entered Level 1 of the Shoals
  5968 | Shoals:1 | Reached skill level 10 in Invocations
  6008 | Shoals:1 | Found a transporter.
  6209 | Shoals:2 | Gained mutation: Scrolls take you a little longer to read. [mutagenic glow]
  6322 | Shoals:4 | Entered Level 4 of the Shoals
  6322 | Shoals:4 | Noticed Polyphemus
  6340 | Shoals:3 | Learned a level 4 spell: Animate Dead
  6349 | Shoals:4 | Reached skill level 8 in Conjurations
  6349 | Shoals:4 | Reached skill level 8 in Hexes
  6349 | Shoals:4 | Reached skill level 8 in Charms
  6349 | Shoals:4 | Reached skill level 8 in Summonings
  6349 | Shoals:4 | Reached skill level 8 in Necromancy
  6349 | Shoals:4 | Reached skill level 8 in Translocations
  6349 | Shoals:4 | Reached skill level 8 in Fire Magic
  6349 | Shoals:4 | Reached skill level 8 in Ice Magic
  6349 | Shoals:4 | Reached skill level 8 in Air Magic
  6349 | Shoals:4 | Reached skill level 8 in Earth Magic
  6349 | Shoals:4 | Reached skill level 8 in Poison Magic
  6349 | Shoals:4 | Reached XP level 15. HP: 102/115 MP: 1/29
  6356 | Shoals:4 | Killed Polyphemus
  6356 | Shoals:4 | Reached skill level 10 in Fighting
  6356 | Shoals:4 | Reached skill level 9 in Transmutations
  6358 | Shoals:4 | Noticed Ilsuiw
  6442 | Shoals:4 | Reached skill level 11 in Stealth
  6457 | Shoals:4 | Killed Ilsuiw
  6495 | Shoals:4 | Reached skill level 11 in Spellcasting
  6544 | Shoals:4 | Got an ebony dagger {flame}
  6574 | Shoals:4 | Identified the cursed +0 dagger "Raraop" {flame, rN+} (You took it off a centaur on level 4 of the Shoals)
  6635 | Shoals:4 | Noticed a frost giant
  6643 | Shoals:4 | Killed a frost giant
  6643 | Shoals:4 | Reached skill level 10 in Short Blades
  6643 | Shoals:4 | Reached skill level 10 in Long Blades
  6643 | Shoals:4 | Reached skill level 10 in Axes
  6643 | Shoals:4 | Reached skill level 10 in Maces & Flails
  6643 | Shoals:4 | Reached skill level 10 in Polearms
  6643 | Shoals:4 | Reached skill level 10 in Staves
  6643 | Shoals:4 | Reached skill level 10 in Slings
  6643 | Shoals:4 | Reached skill level 10 in Bows
  6643 | Shoals:4 | Reached skill level 10 in Crossbows
  6643 | Shoals:4 | Reached skill level 10 in Throwing
  6643 | Shoals:4 | Reached skill level 10 in Armour
  6643 | Shoals:4 | Reached skill level 10 in Shields
  6643 | Shoals:4 | Reached skill level 10 in Evocations
  6694 | Shoals:4 | Reached skill level 11 in Dodging
  6701 | Shoals:4 | Noticed Mirai's ghost (adept MiFi)
  6718 | Shoals:4 | Killed Mirai's ghost
  6774 | Shoals:4 | Reached skill level 11 in Invocations
  6814 | Shoals:4 | Found Cuosoxze's Weapon Shop.
  6840 | Shoals:4 | Noticed a frost giant
  6844 | Shoals:4 | Reached skill level 12 in Unarmed Combat
  6846 | Shoals:4 | Reached skill level 12 in Stealth
  6846 | Shoals:4 | Killed a frost giant
  6846 | Shoals:4 | Reached XP level 16. HP: 116/124 MP: 5/31
  6875 | Shoals:4 | Got a barnacled rune of Zot
  6924 | Shoals:3 | Noticed a kraken
  6992 | Shoals:1 | Found a transporter.
  7069 | Shoals:1 | Got a crude crystal amulet
  7071 | Shoals:1 | Identified the amulet "Belu" {+Rage SInv} (You found it on level 1 of the Shoals)
  7074 | Shoals:1 | Got a steaming granite ring
  7076 | Shoals:1 | Identified the ring "Ramanuz" {+Fly MR++ Str-2 Stlth-} (You found it on level 1 of the Shoals)
  7105 | Lair:2   | Lost mutation: Scrolls take you a little longer to read. [potion of mutation]
  7105 | Lair:2   | Lost mutation: Your spells are a little harder to cast, but a little more powerful. [potion of mutation]
  7105 | Lair:2   | Lost mutation: You can translocate small distances at will. [potion of mutation]
  7105 | Lair:2   | Gained mutation: You expend magic power (3 MP) to strengthen your wands. [potion of mutation]
  7105 | Lair:2   | Gained mutation: You are robust. (+10% HP) [potion of mutation]
  7119 | Lair:2   | Found a hole to the Spider Nest.
  7125 | Lair:2   | Reached skill level 9 in Conjurations
  7125 | Lair:2   | Reached skill level 9 in Hexes
  7125 | Lair:2   | Reached skill level 9 in Charms
  7125 | Lair:2   | Reached skill level 9 in Summonings
  7125 | Lair:2   | Reached skill level 9 in Necromancy
  7125 | Lair:2   | Reached skill level 9 in Translocations
  7125 | Lair:2   | Reached skill level 9 in Fire Magic
  7125 | Lair:2   | Reached skill level 9 in Ice Magic
  7125 | Lair:2   | Reached skill level 9 in Air Magic
  7125 | Lair:2   | Reached skill level 9 in Earth Magic
  7125 | Lair:2   | Reached skill level 9 in Poison Magic
  7141 | Spider:1 | Entered Level 1 of the Spider Nest
  7167 | Spider:1 | Noticed Rupert
  7171 | Spider:1 | Killed Rupert
  7187 | Spider:1 | Reached skill level 11 in Fighting
  7236 | Spider:1 | Identified the +7 large shield "Nenaukka" {rPois rC- SInv} (You found it in a labyrinth)
  7356 | Spider:3 | Reached skill level 10 in Transmutations
  7376 | Spider:4 | Entered Level 4 of the Spider Nest
  7467 | Spider:4 | Learned a level 2 spell: Song of Slaying
  7489 | Spider:4 | Reached skill level 13 in Stealth
  7520 | Spider:4 | Reached skill level 11 in Short Blades
  7520 | Spider:4 | Reached skill level 11 in Long Blades
  7520 | Spider:4 | Reached skill level 11 in Axes
  7520 | Spider:4 | Reached skill level 11 in Maces & Flails
  7520 | Spider:4 | Reached skill level 11 in Polearms
  7520 | Spider:4 | Reached skill level 11 in Staves
  7520 | Spider:4 | Reached skill level 11 in Slings
  7520 | Spider:4 | Reached skill level 11 in Bows
  7520 | Spider:4 | Reached skill level 11 in Crossbows
  7520 | Spider:4 | Reached skill level 11 in Throwing
  7520 | Spider:4 | Reached skill level 11 in Armour
  7520 | Spider:4 | Reached skill level 11 in Shields
  7520 | Spider:4 | Reached skill level 11 in Evocations
  7566 | Spider:4 | Reached skill level 12 in Spellcasting
  7596 | Spider:4 | Reached XP level 17. HP: 144/144 MP: 17/33
  7600 | Spider:4 | Reached skill level 12 in Invocations
  7620 | Spider:4 | Got a gossamer rune of Zot
  7727 | Spider:3 | Reached skill level 12 in Dodging
  7773 | Spider:2 | Noticed Aizul
  7778 | Spider:2 | Killed Aizul
  7789 | Spider:3 | Noticed Mara
  8000 | Lair:6   | Entered Level 6 of the Lair of Beasts
  8333 | Lair:5   | Found a staircase to the Slime Pits.
  8366 | Lair:5   | Learned a level 3 spell: Spectral Weapon
  8375 | Slime:1  | Entered Level 1 of the Pits of Slime
  8409 | Slime:1  | Reached skill level 13 in Unarmed Combat
  8433 | Slime:2  | Noticed an acid blob
  8437 | Slime:2  | Noticed an acid blob
  8439 | Slime:2  | Killed an acid blob
  8439 | Slime:2  | Reached skill level 14 in Stealth
  8446 | Slime:2  | Killed an acid blob
  8489 | Slime:3  | Noticed an acid blob
  8489 | Slime:3  | Noticed an acid blob
  8495 | Slime:3  | Noticed an acid blob
  8497 | Slime:2  | Killed an acid blob
  8497 | Slime:2  | Reached skill level 10 in Conjurations
  8497 | Slime:2  | Reached skill level 10 in Hexes
  8497 | Slime:2  | Reached skill level 10 in Charms
  8497 | Slime:2  | Reached skill level 10 in Summonings
  8497 | Slime:2  | Reached skill level 10 in Necromancy
  8497 | Slime:2  | Reached skill level 10 in Translocations
  8497 | Slime:2  | Reached skill level 10 in Fire Magic
  8497 | Slime:2  | Reached skill level 10 in Ice Magic
  8497 | Slime:2  | Reached skill level 10 in Air Magic
  8497 | Slime:2  | Reached skill level 10 in Earth Magic
  8497 | Slime:2  | Reached skill level 10 in Poison Magic
  8500 | Slime:2  | Killed an acid blob
  8549 | Slime:3  | Killed an acid blob
  8549 | Slime:3  | Reached skill level 12 in Fighting
  8549 | Slime:3  | Reached XP level 18. HP: 143/154 MP: 23/34
  8690 | Slime:5  | Entered Level 5 of the Pits of Slime
  8754 | Slime:5  | Reached skill level 12 in Short Blades
  8754 | Slime:5  | Reached skill level 12 in Long Blades
  8754 | Slime:5  | Reached skill level 12 in Axes
  8754 | Slime:5  | Reached skill level 12 in Maces & Flails
  8754 | Slime:5  | Reached skill level 12 in Polearms
  8754 | Slime:5  | Reached skill level 12 in Staves
  8754 | Slime:5  | Reached skill level 12 in Slings
  8754 | Slime:5  | Reached skill level 12 in Bows
  8754 | Slime:5  | Reached skill level 12 in Crossbows
  8754 | Slime:5  | Reached skill level 12 in Throwing
  8754 | Slime:5  | Reached skill level 12 in Armour
  8754 | Slime:5  | Reached skill level 12 in Shields
  8754 | Slime:5  | Reached skill level 12 in Evocations
  8800 | Slime:5  | Found a viscous altar of Jiyva.
  8801 | Slime:5  | Found the +7 Singing Sword
  8806 | Slime:5  | Noticed the Royal Jelly
  8823 | Slime:5  | Reached skill level 13 in Invocations
  8824 | Slime:5  | Killed the Royal Jelly
  8824 | Slime:5  | Reached skill level 13 in Spellcasting
  8824 | Slime:5  | Reached skill level 11 in Transmutations
  8920 | Slime:5  | Found the +9 staff of Wucad Mu {channel}
  8921 | Slime:5  | Found the cursed +14 obsidian axe {chop, +Fly SInv *Curse}
  8925 | Slime:5  | Reached skill level 15 in Stealth
  8944 | Slime:5  | Got a twitching crystal amulet
  8944 | Slime:5  | Got a clouded platinum ring
  8946 | Slime:5  | Identified the ring of Roih Nug {*Tele MR+ Dex+2} (You found it on level 5 of the Pits of Slime)
  8966 | Slime:5  | Identified the Almanac of Companions and Protection
  8976 | Slime:5  | Got a slimy rune of Zot
  8982 | Slime:5  | Identified the amulet "Doitt" {Gourm Str+4 Int+3} (You found it on level 5 of the Pits of Slime)
  8999 | Slime:5  | Identified the cursed +0 pair of gloves of Amorality {rC+ rN+ Regen+ Int-2} (You found it on level 5 of the Pits of Slime)
  9013 | Slime:5  | Identified a scroll of acquirement
  9021 | Slime:5  | Got a flickering amber ring
  9023 | Slime:5  | Identified the ring "Solata" {rElec rPois rF- rN+++ Int+4} (You acquired it on level 5 of the Pits of Slime)
  9233 | D:12     | Noticed Erolcha
  9234 | D:12     | Killed Erolcha
  9234 | D:12     | Reached skill level 13 in Dodging
  9270 | D:13     | Found an iron altar of Okawaru.
  9279 | D:13     | Learned a level 5 spell: Lee's Rapid Deconstruction
  9298 | D:13     | Found a hazy altar of Hepliaklqana.
  9403 | D:15     | Noticed Josephine
  9406 | D:15     | Killed Josephine
  9446 | D:13     | Reached XP level 19. HP: 161/161 MP: 7/36
  9471 | D:13     | Found a gate to the Vaults.
  9477 | Vaults:1 | Entered Level 1 of the Vaults
  9513 | Vaults:1 | Found Jyshromec's Magic Scroll Shop.
  9519 | Vaults:1 | Bought a scroll of teleportation for 39 gold pieces
  9519 | Vaults:1 | Bought a scroll of fear for 45 gold pieces
  9519 | Vaults:1 | Bought a scroll of fear for 45 gold pieces
  9519 | Vaults:1 | Bought a scroll of identify for 26 gold pieces
  9519 | Vaults:1 | Bought a scroll of identify for 26 gold pieces
  9519 | Vaults:1 | Bought a scroll of torment for 97 gold pieces
  9539 | Vaults:1 | Found Asyossoca's Jewellery Boutique.
  9619 | Vaults:1 | Found a flickering gateway to a bazaar.
  9631 | Bazaar   | Entered a bazaar
  9633 | Bazaar   | Found Jeol's Book Boutique.
  9637 | Bazaar   | Found Waer's Antique Weapon Boutique.
  9637 | Bazaar   | Found Furu Qor's Assorted Antiques.
  9637 | Bazaar   | Found Pihumypu's Gadget Boutique.
  9665 | Bazaar   | Bought a scroll of fog for 80 gold pieces
  9665 | Bazaar   | Bought a square blue amulet for 200 gold pieces
  9669 | Bazaar   | Bought a book of Party Tricks for 550 gold pieces
  9669 | Bazaar   | Bought a book of the Earth for 715 gold pieces
  9674 | Bazaar   | Bought a wand of iceblast (7) for 110 gold pieces
  9674 | Bazaar   | Bought a wand of iceblast (13) for 170 gold pieces
  9690 | Vaults:1 | Learned a level 2 spell: Blink
  9848 | Vaults:1 | Identified the amulet of Luqic {Reflect Fragile rElec rPois Int+3 SH+4 Stlth+} (You acquired it on level 1 of the Vaults)
  9959 | Vaults:2 | Learned a level 3 spell: Lesser Beckoning
 10112 | Vaults:4 | Reached skill level 14 in Unarmed Combat
 10155 | Vaults:4 | Reached skill level 13 in Fighting
 10156 | Vaults:4 | Noticed Scuka's ghost (veteran MfGl)
 10173 | Vaults:4 | Killed Scuka's ghost
 10173 | Vaults:4 | Reached skill level 11 in Conjurations
 10173 | Vaults:4 | Reached skill level 11 in Hexes
 10173 | Vaults:4 | Reached skill level 11 in Charms
 10173 | Vaults:4 | Reached skill level 11 in Summonings
 10173 | Vaults:4 | Reached skill level 11 in Necromancy
 10173 | Vaults:4 | Reached skill level 11 in Translocations
 10173 | Vaults:4 | Reached skill level 11 in Fire Magic
 10173 | Vaults:4 | Reached skill level 11 in Ice Magic
 10173 | Vaults:4 | Reached skill level 11 in Air Magic
 10173 | Vaults:4 | Reached skill level 11 in Earth Magic
 10173 | Vaults:4 | Reached skill level 11 in Poison Magic
 10300 | Vaults:5 | Entered Level 5 of the Vaults
 10303 | Vaults:5 | Noticed Sojobo
 10305 | Vaults:5 | Noticed an ancient lich
 10312 | Vaults:5 | Reached skill level 16 in Stealth
 10313 | Vaults:5 | Reached XP level 20. HP: 108/171 MP: 29/37
 10313 | Vaults:5 | Reached skill level 13 in Short Blades
 10313 | Vaults:5 | Reached skill level 13 in Long Blades
 10313 | Vaults:5 | Reached skill level 13 in Axes
 10313 | Vaults:5 | Reached skill level 13 in Maces & Flails
 10313 | Vaults:5 | Reached skill level 13 in Polearms
 10313 | Vaults:5 | Reached skill level 13 in Staves
 10313 | Vaults:5 | Reached skill level 13 in Slings
 10313 | Vaults:5 | Reached skill level 13 in Bows
 10313 | Vaults:5 | Reached skill level 13 in Crossbows
 10313 | Vaults:5 | Reached skill level 13 in Throwing
 10313 | Vaults:5 | Reached skill level 13 in Armour
 10313 | Vaults:5 | Reached skill level 13 in Shields
 10313 | Vaults:5 | Reached skill level 14 in Invocations
 10313 | Vaults:5 | Reached skill level 13 in Evocations
 10320 | Vaults:5 | Killed Sojobo
 10320 | Vaults:5 | Killed an ancient lich
 10351 | Vaults:5 | Reached skill level 14 in Spellcasting
 10371 | Vaults:5 | Reached skill level 12 in Transmutations
 10385 | Vaults:5 | Reached skill level 14 in Dodging
 10415 | Vaults:5 | Killed from afar by a lich

Skill      XL: |  1  2  3  4  5  6  7  8  9 10 11 12 13 14 15 16 17 18 19 20 |
---------------+-------------------------------------------------------------+-----
Spellcasting   | 5 6 7 8 9 10 11 12 13 14 | 14.2
Invocations    | 1 3 4 5 6 7 8 9 10 11 12 13 14 | 14.5
Short Blades   | 1 2 3 4 5 6 7 8 9 10 11 12 13 | 13.5
Long Blades    | 1 2 3 4 5 6 7 8 9 10 11 12 13 | 13.5
Axes           | 1 2 3 4 5 6 7 8 9 10 11 12 13 | 13.5
Maces & Flails | 1 2 3 4 5 6 7 8 9 10 11 12 13 | 13.5
Polearms       | 1 2 3 4 5 6 7 8 9 10 11 12 13 | 13.5
Staves         | 1 2 3 4 5 6 7 8 9 10 11 12 13 | 13.5
Slings         | 1 2 3 4 5 6 7 8 9 10 11 12 13 | 13.5
Bows           | 1 2 3 4 5 6 7 8 9 10 11 12 13 | 13.5
Crossbows      | 1 2 3 4 5 6 7 8 9 10 11 12 13 | 13.5
Throwing       | 1 2 3 4 5 6 7 8 9 10 11 12 13 | 13.5
Armour         | 1 2 3 4 5 6 7 8 9 10 11 12 13 | 13.5
Stealth        | 1 2 3 4 5 6 7 9 10 12 13 14 15 16 | 16.8
Shields        | 1 2 3 4 5 6 7 8 9 10 11 12 13 | 13.5
Evocations     | 1 2 3 4 5 6 7 8 9 10 11 12 13 | 13.5
Conjurations   | 1 2 3 4 5 6 7 8 9 10 11 | 11.6
Hexes          | 1 2 3 4 5 6 7 8 9 10 11 | 11.6
Charms         | 1 2 3 4 5 6 7 8 9 10 11 | 11.6
Summonings     | 1 2 3 4 5 6 7 8 9 10 11 | 11.6
Necromancy     | 1 2 3 4 5 6 7 8 9 10 11 | 11.6
Translocations | 1 2 3 4 5 6 7 8 9 10 11 | 11.6
Fire Magic     | 1 2 3 4 5 6 7 8 9 10 11 | 11.6
Ice Magic      | 1 2 3 4 5 6 7 8 9 10 11 | 11.6
Air Magic      | 1 2 3 4 5 6 7 8 9 10 11 | 11.6
Earth Magic    | 1 2 3 4 5 6 7 8 9 10 11 | 11.6
Poison Magic   | 1 2 3 4 5 6 7 8 9 10 11 | 11.6
Fighting       | 3 4 5 6 7 8 9 10 11 12 13 | 13.7
Transmutations | 4 5 6 7 8 9 10 11 12 | 12.1
Dodging        | 5 6 7 8 9 10 11 12 13 14 | 14.1
Unarmed Combat | 7 8 9 10 11 12 13 14 | 14.7

Action                   |  1- 3 |  4- 6 |  7- 9 | 10-12 | 13-15 | 16-18 | 19-21 || total
-------------------------+-------+-------+-------+-------+-------+-------+-------++-------
Melee: Unarmed           |    72 |    71 |   174 |   235 |   146 |       |    10 ||   708
       Headbutt          |     4 |       |       |       |       |       |       ||     4
       Bite              |     1 |       |     2 |    38 |    71 |   111 |    44 ||   267
       Punch             |     1 |       |       |    13 |    41 |    29 |       ||    84
       Dagger            |       |       |     4 |    17 |    61 |     5 |       ||    87
       Kick              |       |       |       |     5 |       |       |       ||     5
       War axe           |       |       |       |       |   230 |   419 |   168 ||   817
       Demon trident     |       |       |       |       |     1 |       |       ||     1
Throw: Javelin           |     3 |     4 |    21 |    17 |     6 |    41 |    21 ||   113
       Stone             |       |       |     1 |       |       |       |       ||     1
       Tomahawk          |       |       |       |       |    44 |    25 |       ||    69
       Throwing net      |       |       |       |       |     1 |       |     1 ||     2
 Cast: Beastly Appendage |     8 |       |       |     3 |       |       |       ||    11
       Spider Form       |     3 |    12 |    26 |     1 |       |       |       ||    42
       Sticks to Snakes  |     2 |     5 |    19 |     6 |     6 |     8 |       ||    46
       Ozocubu's Armour  |       |     4 |     2 |    18 |     9 |       |       ||    33
       Blade Hands       |       |       |       |    31 |    13 |       |       ||    44
       Passwall          |       |       |       |     7 |    32 |     8 |       ||    47
       Apportation       |       |       |       |     5 |    96 |   112 |    24 ||   237
       Regeneration      |       |       |       |     1 |     9 |    13 |     4 ||    27
       Irradiate         |       |       |       |     1 |       |     4 |     2 ||     7
       Passage of Golubr |       |       |       |       |    40 |    46 |    35 ||   121
       Borgnjor's Vile C |       |       |       |       |    43 |    41 |    27 ||   111
       Statue Form       |       |       |       |       |    20 |    42 |    13 ||    75
       Animate Dead      |       |       |       |       |       |     9 |       ||     9
       Song of Slaying   |       |       |       |       |       |     1 |       ||     1
       Spectral Weapon   |       |       |       |       |       |    17 |       ||    17
       Blink             |       |       |       |       |       |       |     9 ||     9
       Lesser Beckoning  |       |       |       |       |       |       |     1 ||     1
Invok: Slouch            |       |       |       |     2 |    14 |     9 |    12 ||    37
       Temporal Distorti |       |       |       |     1 |       |     3 |       ||     4
 Abil: End Transformatio |       |     1 |     3 |     4 |     4 |     1 |       ||    13
Evoke: Wand              |       |       |     7 |     5 |    14 |     5 |     8 ||    39
       Box of beasts     |       |       |       |       |     1 |       |       ||     1
       Lamp of fire      |       |       |       |       |       |     1 |       ||     1
       Staff of Wucad Mu |       |       |       |       |       |     1 |    29 ||    30
  Use: Scroll            |     3 |     1 |    10 |    13 |    22 |    15 |     6 ||    70
       Potion            |       |     4 |     9 |     5 |     9 |    10 |     2 ||    39
 Stab: Sleeping          |       |     1 |     3 |    12 |    23 |     8 |     3 ||    50
       Distracted        |       |       |     2 |     1 |     1 |    14 |       ||    18
       Invisible         |       |       |     1 |     3 |     2 |     9 |       ||    15
       Held in net/web   |       |       |       |       |     1 |       |     1 ||     2
  Eat: Chunk             |       |       |     7 |     7 |     7 |     3 |       ||    24
       Ration            |       |       |       |     1 |     3 |     6 |     1 ||    11
Armor: Robe              |     3 |     3 |       |    76 |     4 |       |       ||    86
       Skin              |     4 |     3 |     9 |       |   207 |   428 |    54 ||   705
       Troll leather arm |       |       |       |       |    47 |    21 |     3 ||    71
Dodge: Dodged            |    64 |    52 |   289 |   236 |   854 |  1233 |   232 ||  2960
Block: Large shield      |       |       |       |       |       |   299 |   479 ||   778
       Reflection        |       |       |       |       |       |       |    24 ||    24

Table legend:
 A = Turns spent in this place as a percentage of turns spent in the entire game.
 B = Non-inter-level travel turns spent in this place as a percentage of non-inter-level travel turns spent in the entire game.
 C = Inter-level travel turns spent in this place as a percentage of turns spent in this place.
 D = Turns resting spent in this place as a percentage of non-inter-level travel turns spent in this place.
 E = Turns spent auto-exploring this place as a percentage of non-inter-level travel turns spent in this place.
 F = Non-inter-level travel turns spent in this place divided by the number of levels of this place that you've seen.
                   A       B       C       D       E      F
               +-------+-------+-------+-------+-------+----------------------
         Total | 100.0 | 100.0 |   0.2 |   0.0 |   0.0 | 225.9
       Dungeon |  36.9 |  36.7 |   0.6 |   0.0 |   0.0 | 254.5
        Temple |   0.1 |   0.1 |   0.0 |   0.0 |   0.0 |  11.0
          Lair |  14.1 |  14.1 |   0.0 |   0.0 |   0.0 | 244.7
        Shoals |  11.0 |  11.0 |   0.0 |   0.0 |   0.0 | 285.8
   Spider Nest |   6.7 |   6.7 |   0.0 |   0.0 |   0.0 | 175.2
    Slime Pits |   7.0 |   7.0 |   0.0 |   0.0 |   0.0 | 146.2
  Orcish Mines |   9.6 |   9.6 |   0.0 |   0.0 |   0.0 | 500.0
        Vaults |   8.5 |   8.5 |   0.0 |   0.0 |   0.0 | 177.0
     Labyrinth |   2.5 |   2.5 |   0.0 |   0.0 |   0.0 | 257.0
        Bazaar |   0.5 |   0.5 |   0.0 |   0.0 |   0.0 |  53.0
       Ossuary |   0.5 |   0.5 |   0.0 |   0.0 |   0.0 |  57.0
        Bailey |   2.6 |   2.6 |   0.0 |   0.0 |   0.0 | 268.0
               +-------+-------+-------+-------+-------+----------------------

Table legend:
 A = Kills in this place as a percentage of kills in entire the game.
 B = Kills by you in this place as a percentage of kills by you in the entire game.
 C = Kills by friends in this place as a percentage of kills by friends in the entire game.
 D = Other kills in this place as a percentage of other kills in the entire game.
 E = Experience gained in this place as a percentage of experience gained in the entire game.
 F = Experience gained in this place divided by the number of levels of this place that you have seen.
                   A       B       C       D       E      F
               +-------+-------+-------+-------+-------+----------------------
         Total | 100.0 | 100.0 | 100.0 | 100.0 | 100.0 | 10628.9
       Dungeon |  24.3 |  24.5 |  22.9 |   0.0 |   8.1 | 2626.3
          Lair |  12.7 |  13.1 |   2.9 |   0.0 |   7.7 | 6268.0
        Shoals |  10.8 |  10.9 |   2.9 |  40.0 |  15.5 | 18894.2
   Spider Nest |  12.6 |  11.2 |  60.0 |   0.0 |  11.2 | 13682.8
    Slime Pits |   7.7 |   7.8 |   5.7 |   0.0 |  18.0 | 17563.4
  Orcish Mines |  11.6 |  11.9 |   5.7 |   0.0 |   3.6 | 8853.5
        Vaults |  15.8 |  16.1 |   0.0 |  60.0 |  34.8 | 34049.6
     Labyrinth |   1.0 |   1.0 |   0.0 |   0.0 |   0.5 | 2425.0
        Bailey |   3.5 |   3.6 |   0.0 |   0.0 |   0.7 | 3421.0
               +-------+-------+-------+-------+-------+----------------------

Vault maps used:
D:1:      scummos_arrival_checkerplants
D:2:      lemuel_round_altar, nicolae_tso_carved_into_rock, uniq_sigmund
D:3:      cheibrodos_helix_gallery, chequers_ecumenical_altar_simple,
          uniq_natasha, uniq_robin
D:4:      enter_ossuary_4, serial_shops, shop, shop_fountains
D:5:      first_ration, minmay_misc_feat_square, uniq_prince_ribbit1,
          uniq_eustachio
D:6:      minmay_temple_entry_fiery, uniq_duvessa, uniq_crazy_yiuf_cottage,
          uniq_grinder
D:7:      uniq_menkaure
D:8:      serial_glass, glass_columns_b, glass_columns_a
D:9:      lightli_bailey_entry_fortress
D:11:     david_lair_shrubbed, minmay_orc_entry_temple_small, serial_glass,
          glass_columns_a, glass_columns_c
D:12:     uniq_kirke, uniq_erolcha
D:13:     david_vaults_1, kennysheep_diamond, hangedman_fish_farm,
          okawaru_ov_weapons_minmay
D:14:     minmay_the_grid_square_5x5_3x3, serial_shops, shop,
          grunt_decor_mini_mirrors
D:15:     grunt_enter_depths_hoard, serial_bayou, serial_bayou_ford_a,
          serial_bayou_shore_a, serial_bayou_lagoon_a, serial_bayou_pond_d,
          enter_trove_0, uniq_josephine, uniq_sonja
Temple:   compressed_dpeg_triangle_lava_temple
Lair:1:   dpeg_oklob_gauntlet, st_stairs_7, grunt_forest_large_clearings,
          lemuel_fruit_tree, serial_bayou_shore_b, infiniplex_staircase_pool_2
Lair:2:   shoals_dummy_entry, nicolae_spider_entry_orb_guardian,
          infiniplex_staircase_pool
Lair:3:   grunt_megastairs_4, uniq_fannar
Lair:4:   lemuel_slime, uniq_nergalle
Lair:5:   nicolae_slime_entry_slimehenge, kennysheep_abandoned_house,
          minmay_lair_oklob_chamber
Lair:6:   due_jungle_book
Shoals:1: gammafunk_its_a_trap
Shoals:4: shoals_end_grunt_ice, shoals_ilsuiw_ice, serial_shops,
          nicolae_shop_behind_doors, uniq_polyphemus
Spider:1: uniq_rupert
Spider:2: uniq_aizul
Spider:3: uniq_mara
Spider:4: spider_rune_water, nicolae_spider_webs_and_nodes, uniq_jorgrun
Slime:1:  cheibrodos_slime_lost_civilization_7
Slime:2:  basic_altar
Slime:4:  nicolae_slime_round_cave
Orc:1:    basic_altar, nicolae_orc_rich_vein, uniq_erica
Orc:2:    st_orc_congregation, lab_entry_generic
Vaults:1: nicolae_vaults_network_square, nicolae_vaults_windows_and_doors_thing,
          grunt_vaults_diagonal, st_lines, vaults_room_grunt_arrival_ludios,
          v_misc_3, v_pattern_3, vaults_dpeg_ring, serial_shops,
          bzr_entry_water, nicolae_shop_stone, nicolae_shop_trees,
          nicolae_shop_trees
Vaults:2: vaults_dpeg_spiral, minmay_crypt_entry_simple_plaza,
          vaults_room_octagon, hangedman_vaults_stream,
          hangedman_vaults_capsules, hangedman_vaults_pinch,
          vaults_standard_mumra_enter_the_diamond, ontoclasm_vaults_gateway,
          nicolae_vaults_circle_grid_b, nicolae_vaults_specimen_jars,
          ontoclasm_vaults_pinch, serial_shops, bzr_entry_dummy
Vaults:3: v_rooms_1, nicolae_vaults_stairing_the_circle,
          nicolae_vaults_little_squares_3, vaults_room_door_ring, v_misc_31,
          nicolae_vaults_yaktaur_gun_rack, grunt_vaults_hallway_short,
          grunt_vaults_swirl, vaults_standard_mumra_x,
          nicolae_vaults_diagonal_hallway_8, vaults_dpeg_doors,
          nicolae_vaults_little_squares_6, uniq_mennas
Vaults:4: vaults_room_guarded_vault, ontoclasm_vaults_decontamination,
          nicolae_vaults_little_squares_6, grunt_vaults_twisty,
          dpeg_vaults_monster_box, vaults_room_boxed, nicolae_vaults_big_ls,
          nicolae_vaults_what_the_h, vaults_room_corners
Vaults:5: uniq_sojobo
Lab:      labyrinth_skeletal_remains, nicolae_lab_checkerboard,
          nicolae_lab_quarters, nicolae_lab_do_over, nicolae_lab_grate_2
Bazaar:   bazaar_minmay_cross
Ossuary:  ossuary_minmay_four_chambers
Bailey:   bailey_polearm_5, bailey
